2191 views
Uploaded 2023-01-17 00:10:53
Game version 1.32.10
55:21 long 3on3 ladder game on (6)StranglethornVale
Saved by Cabeelibob
2191 views
Uploaded 2023-01-17 00:10:53
Game version 1.32.10
55:21 long 3on3 ladder game on (6)StranglethornVale


149 units @ 19.5k
/ 2.8k
160 buildings @ 26.1k
/ 10.1k



| Orb of Corruption | 4 | 1500 |
| Potion of Mana | 1 | 200 |
| Potion of Healing | 2 | 300 |
| Scroll of Town Portal | 5 | 1750 |
| Dust of Appearance | 1 | 75 |
| Scroll of Healing | 3 | 750 |
| Staff of Teleportation | 1 | 150 |
| Boots of Speed | 2 | 500 |
| total: | 19 | 5225g |
| Acolyte | 31 | 2325 | / | 0 |
| Ghoul | 11 | 1320 | / | 0 |
| Frost Wyrm | 3 | 1155 | / | 360 |
| Gargoyle | 12 | 2100 | / | 360 |
| total: | 57 | 6900g | / | 720w |
| Nerubian Tower | 8 | 800 | / | 160 |
| Spirit Tower | 22 | 3190 | / | 880 |
| Ziggurat | 47 | 7050 | / | 2350 |
| Crypt | 5 | 1000 | / | 250 |
| Altar of Darkness | 3 | 540 | / | 150 |
| Graveyard | 2 | 430 | / | 0 |
| Necropolis | 9 | 2025 | / | 0 |
| Tomb of Relics | 7 | 910 | / | 210 |
| Slaughterhouse | 1 | 140 | / | 135 |
| Boneyard | 2 | 350 | / | 400 |
| Halls of the Dead | 1 | 320 | / | 210 |
| Black Citadel | 1 | 325 | / | 230 |
| Altar of Storms | 1 | 180 | / | 50 |
| War Mill | 1 | 205 | / | 0 |
| total: | 78 | 12830g | / | 3545w |
| 0:41 | Acolyte |
| 0:41 | Acolyte |
| 0:44 | Ziggurat |
| 1:11 | Crypt |
| 1:13 | Crypt |
| 1:52 | Altar of Darkness |
| 2:08 | Ziggurat |
| 2:38 | Ghoul |
| 2:59 | Ghoul |
| 3:11 | Graveyard |
| 3:24 | Ghoul |
| 3:43 | Ghoul |
| 3:48 | Ghoul |
| 3:56 | Carrion Swarm |
| 3:59 | Acolyte |
| 4:09 | Nerubian Tower |
| 4:13 | Cannibalize |
| 4:48 | Necropolis |
| 5:06 | Vampiric Aura |
| 5:23 | Spirit Tower |
| 5:43 | Ziggurat |
| 5:51 | Halls of the Dead |
| 6:29 | Ghoul |
| 6:45 | Carrion Swarm |
| 7:08 | Acolyte |
| 7:08 | Acolyte |
| 7:08 | Acolyte |
| 7:10 | Acolyte |
| 7:12 | Ghoul |
| 7:32 | Ziggurat |
| 7:34 | Ziggurat |
| 7:44 | Ziggurat |
| 7:46 | Ghoul |
| 8:07 | Ghoul |
| 8:24 | Nerubian Tower |
| 8:26 | Acolyte |
| 8:57 | Ghoul |
| 9:10 | Spirit Tower |
| 9:12 | Ziggurat |
| 9:16 | Ghoul |
| 9:40 | Black Citadel |
| 9:42 | Spirit Tower |
| 9:44 | Ziggurat |
| 10:23 | Ziggurat |
| 10:26 | Spirit Tower |
| 10:27 | Ziggurat |
| 10:36 | Tomb of Relics |
| 10:46 | Acolyte |
| 11:26 | Spirit Tower |
| 11:33 | Creature Attack |
| 11:33 | Creature Carapace |
| 11:53 | Necropolis |
| 12:20 | Necropolis |
| 12:35 | Ghoul Frenzy |
| 12:38 | Boneyard |
| 12:40 | Boneyard |
| 12:42 | Ziggurat |
| 12:43 | Ziggurat |
| 12:44 | Ziggurat |
| 12:46 | Ziggurat |
| 13:14 | Necropolis |
| 13:22 | Vampiric Aura |
| 13:29 | Acolyte |
| 13:29 | Acolyte |
| 13:29 | Acolyte |
| 13:29 | Acolyte |
| 13:29 | Acolyte |
| 13:40 | Necropolis |
| 13:55 | Acolyte |
| 14:02 | Ziggurat |
| 14:08 | Tomb of Relics |
| 14:13 | Ziggurat |
| 14:29 | Tomb of Relics |
| 14:36 | Death Coil |
| 14:41 | Acolyte |
| 14:44 | Ziggurat |
| 14:45 | Ziggurat |
| 14:48 | Acolyte |
| 14:48 | Acolyte |
| 14:48 | Acolyte |
| 15:03 | Nerubian Tower |
| 15:06 | Spirit Tower |
| 15:35 | Spirit Tower |
| 15:37 | Ziggurat |
| 15:42 | Ziggurat |
| 15:43 | Ziggurat |
| 15:44 | Ziggurat |
| 15:46 | Ziggurat |
| 16:07 | Spirit Tower |
| 16:09 | Spirit Tower |
| 16:12 | Ziggurat |
| 16:17 | Ziggurat |
| 16:19 | Ziggurat |
| 16:24 | Tomb of Relics |
| 16:40 | Spirit Tower |
| 16:43 | Nerubian Tower |
| 16:44 | Ziggurat |
| 16:47 | Spirit Tower |
| 16:55 | Improved Creature Attack |
| 17:03 | Spirit Tower |
| 17:04 | Nerubian Tower |
| 17:12 | Spirit Tower |
| 17:39 | Freezing Breath |
| 17:40 | Frost Wyrm |
| 17:43 | Nerubian Tower |
| 17:56 | Graveyard |
| 18:21 | Ziggurat |
| 18:25 | Gargoyle |
| 18:29 | Nerubian Tower |
| 18:38 | Improved Creature Carapace |
| 20:04 | Gargoyle |
| 20:25 | Orb of Corruption |
| 20:28 | Acolyte |
| 20:28 | Acolyte |
| 20:46 | Scroll of Town Portal |
| 20:46 | Scroll of Town Portal |
| 20:54 | Gargoyle |
| 20:54 | Gargoyle |
| 21:40 | Ziggurat |
| 21:41 | Acolyte |
| 21:41 | Acolyte |
| 21:41 | Acolyte |
| 21:41 | Acolyte |
| 21:42 | Ziggurat |
| 21:43 | Ziggurat |
| 21:45 | Ziggurat |
| 22:15 | Crypt |
| 22:17 | Crypt |
| 22:22 | Crypt |
| 22:29 | Advanced Creature Carapace |
| 22:32 | Advanced Creature Attack |
| 22:36 | Spirit Tower |
| 22:37 | Nerubian Tower |
| 22:38 | Spirit Tower |
| 22:50 | Orb of Corruption |
| 22:51 | Potion of Mana |
| 22:52 | Potion of Healing |
| 22:54 | Scroll of Town Portal |
| 23:00 | Tomb of Relics |
| 23:15 | Gargoyle |
| 23:29 | Unholy Aura |
| 24:15 | Gargoyle |
| 24:23 | Dust of Appearance |
| 24:23 | Scroll of Town Portal |
| 24:33 | Spirit Tower |
| 25:12 | Ziggurat |
| 25:13 | Ziggurat |
| 25:14 | Ziggurat |
| 25:16 | Ziggurat |
| 25:17 | Ziggurat |
| 25:20 | Necropolis |
| 25:42 | Gargoyle |
| 25:43 | Gargoyle |
| 25:45 | Gargoyle |
| 26:16 | Ziggurat |
| 26:17 | Ziggurat |
| 26:18 | Ziggurat |
| 26:21 | Gargoyle |
| 26:33 | Spirit Tower |
| 26:36 | Spirit Tower |
| 26:37 | Spirit Tower |
| 27:04 | Spirit Tower |
| 27:52 | Scroll of Healing |
| 28:00 | Scroll of Healing |
| 28:08 | Orb of Corruption |
| 28:08 | Orb of Corruption |
| 28:22 | Silence |
| 28:28 | Spirit Tower |
| 28:30 | Spirit Tower |
| 29:52 | Ziggurat |
| 30:32 | Tomb of Relics |
| 31:00 | Stone Form |
| 31:01 | Gargoyle |
| 31:11 | Staff of Teleportation |
| 31:12 | Boots of Speed |
| 31:15 | Boots of Speed |
| 32:54 | Necropolis |
| 33:31 | Necropolis |
| 33:34 | Gargoyle |
| 34:12 | Potion of Healing |
| 34:17 | Carrion Swarm |
| 36:37 | Life Drain |
| 39:56 | Scroll of Healing |
| 40:18 | Slaughterhouse |
| 42:04 | Frost Wyrm |
| 45:01 | Scroll of Town Portal |
| 45:38 | Acolyte |
| 46:40 | Necropolis |
| 46:48 | Tomb of Relics |
| 47:51 | Frost Wyrm |
| 48:22 | Altar of Storms |
| 48:24 | War Mill |
| 48:39 | Acolyte |
| 48:40 | Acolyte |
| 48:40 | Acolyte |
| 48:40 | Acolyte |
| 48:40 | Acolyte |
| 48:45 | Ziggurat |
| 48:46 | Ziggurat |
| 48:48 | Ziggurat |
| 48:51 | Ziggurat |
| 48:54 | Ziggurat |
| 48:56 | Ziggurat |
| 51:50 | Altar of Darkness |
| 52:06 | Altar of Darkness |
| Right click | 1718 |
| Select | 711 |
| Select group | 671 |
| Build/train/purchase | 200 |
| Misc. action | 64 |
| Use ability | 64 |
| Assign group | 33 |
| Remove unit | 6 |
| Item give/drop | 4 |
| Minimap ping | 4 |


| Lesser Clarity Potion | 3 | 210 |
| Healing Salve | 2 | 200 |
| Scroll of Speed | 2 | 100 |
| Scroll of Healing | 1 | 250 |
| Scroll of Town Portal | 1 | 350 |
| Potion of Lesser Invulnerability | 1 | 150 |
| total: | 10 | 1260g |
| Peon | 21 | 1575 | / | 0 |
| Troll Headhunter | 7 | 980 | / | 140 |
| Demolisher | 5 | 1100 | / | 250 |
| Troll Berserker | 7 | 980 | / | 140 |
| Troll Batrider | 7 | 1120 | / | 280 |
| Goblin Zeppelin | 2 | 480 | / | 120 |
| total: | 49 | 6235g | / | 930w |
| Watch Tower | 29 | 3190 | / | 2320 |
| Altar of Storms | 1 | 180 | / | 50 |
| Orc Burrow | 6 | 960 | / | 240 |
| War Mill | 1 | 205 | / | 0 |
| Barracks | 2 | 360 | / | 100 |
| Voodoo Lounge | 2 | 260 | / | 60 |
| Great Hall | 4 | 1540 | / | 740 |
| Beastiary | 1 | 145 | / | 140 |
| Stronghold | 4 | 1260 | / | 760 |
| Fortress | 1 | 325 | / | 190 |
| total: | 46 | 6840g | / | 3650w |
| 0:03 | Peon |
| 0:03 | Peon |
| 0:17 | Peon |
| 0:17 | Peon |
| 0:21 | Altar of Storms |
| 0:31 | Orc Burrow |
| 0:40 | Peon |
| 0:55 | War Mill |
| 1:00 | Peon |
| 1:27 | Barracks |
| 1:36 | Orc Burrow |
| 1:40 | Peon |
| 1:45 | Peon |
| 1:55 | Peon |
| 2:22 | Feral Spirit |
| 2:29 | Troll Headhunter |
| 2:42 | Troll Headhunter |
| 2:55 | Troll Headhunter |
| 3:11 | Troll Headhunter |
| 3:25 | Orc Burrow |
| 3:53 | Chain Lighting |
| 4:38 | Troll Headhunter |
| 4:46 | Watch Tower |
| 4:50 | Steel Ranged Weapons |
| 4:50 | Troll Headhunter |
| 5:04 | Steel Armor |
| 5:34 | Stronghold |
| 5:58 | Orc Burrow |
| 6:33 | Troll Headhunter |
| 7:23 | Watch Tower |
| 7:43 | Spiked Barricades |
| 7:58 | Fortress |
| 7:59 | Reinforced Defenses |
| 8:00 | Thorium Ranged Weapons |
| 8:16 | Demolisher |
| 8:39 | Demolisher |
| 8:41 | Feral Spirit |
| 9:16 | Voodoo Lounge |
| 9:31 | Demolisher |
| 9:41 | Scroll of Healing |
| 10:37 | Berserker Upgrade |
| 10:55 | Arcanite Ranged Weapons |
| 11:18 | Demolisher |
| 11:18 | Demolisher |
| 11:48 | Barracks |
| 11:54 | Lesser Clarity Potion |
| 11:58 | Healing Salve |
| 12:16 | Troll Berserker |
| 12:21 | Thorium Armor |
| 12:41 | Burning Oil |
| 13:11 | Chain Lighting |
| 13:27 | Great Hall |
| 13:30 | Troll Berserker |
| 13:30 | Troll Berserker |
| 13:54 | Watch Tower |
| 14:07 | Troll Regeneration |
| 14:43 | Goblin Zeppelin |
| 14:43 | Goblin Zeppelin |
| 15:13 | Watch Tower |
| 15:48 | Peon |
| 15:48 | Peon |
| 15:48 | Peon |
| 16:25 | Peon |
| 18:01 | Watch Tower |
| 18:03 | Watch Tower |
| 18:14 | Great Hall |
| 18:24 | Peon |
| 18:24 | Peon |
| 18:31 | Healing Wave |
| 18:37 | Healing Salve |
| 18:37 | Lesser Clarity Potion |
| 18:37 | Scroll of Speed |
| 18:43 | Troll Berserker |
| 18:43 | Troll Berserker |
| 18:43 | Troll Berserker |
| 19:15 | Troll Berserker |
| 19:20 | Orc Burrow |
| 20:59 | Watch Tower |
| 21:27 | Watch Tower |
| 21:39 | Stronghold |
| 22:09 | Watch Tower |
| 22:14 | Watch Tower |
| 22:16 | Watch Tower |
| 22:22 | Watch Tower |
| 22:28 | Peon |
| 22:28 | Peon |
| 22:28 | Peon |
| 23:12 | Scroll of Speed |
| 28:24 | Watch Tower |
| 28:24 | Watch Tower |
| 28:25 | Watch Tower |
| 28:26 | Watch Tower |
| 28:27 | Watch Tower |
| 28:27 | Watch Tower |
| 28:28 | Watch Tower |
| 28:29 | Watch Tower |
| 28:29 | Watch Tower |
| 29:37 | Watch Tower |
| 29:42 | Voodoo Lounge |
| 30:26 | Lesser Clarity Potion |
| 30:30 | Stronghold |
| 30:38 | Great Hall |
| 30:57 | Scroll of Town Portal |
| 30:59 | Potion of Lesser Invulnerability |
| 33:10 | Beastiary |
| 35:12 | Troll Batrider |
| 35:13 | Troll Batrider |
| 35:14 | Troll Batrider |
| 35:50 | Troll Batrider |
| 35:50 | Troll Batrider |
| 41:33 | Great Hall |
| 42:52 | Orc Burrow |
| 44:35 | Peon |
| 44:35 | Peon |
| 44:58 | Watch Tower |
| 45:15 | Watch Tower |
| 45:20 | Peon |
| 45:43 | Watch Tower |
| 45:44 | Stronghold |
| 45:55 | Troll Batrider |
| 45:55 | Troll Batrider |
| 46:17 | Watch Tower |
| 46:22 | Watch Tower |
| 47:14 | Watch Tower |
| 47:17 | Watch Tower |
| Right click | 901 |
| Select group | 393 |
| Select | 388 |
| Build/train/purchase | 155 |
| Misc. action | 96 |
| Use ability | 48 |
| Assign group | 46 |
| Minimap ping | 5 |
| Remove unit | 4 |
| Chat | 4 |
| Item give/drop | 3 |
| Esc | 3 |

| Lesser Clarity Potion | 4 | 280 |
| Healing Salve | 4 | 400 |
| Tiny Great Hall | 1 | 600 |
| Potion of Mana | 2 | 400 |
| Scroll of Speed | 2 | 100 |
| Potion of Healing | 3 | 450 |
| Scroll of Healing | 1 | 250 |
| Scroll of Town Portal | 1 | 350 |
| total: | 18 | 2830g |
| Peon | 15 | 1125 | / | 0 |
| Troll Headhunter | 11 | 1540 | / | 220 |
| Troll Berserker | 2 | 280 | / | 40 |
| Demolisher | 13 | 2860 | / | 650 |
| Goblin Sapper | 1 | 215 | / | 100 |
| Goblin Shredder | 1 | 375 | / | 100 |
| total: | 43 | 6395g | / | 1110w |
| Watch Tower | 15 | 1650 | / | 1200 |
| Altar of Storms | 3 | 540 | / | 150 |
| Orc Burrow | 8 | 1280 | / | 320 |
| War Mill | 1 | 205 | / | 0 |
| Barracks | 2 | 360 | / | 100 |
| Voodoo Lounge | 1 | 130 | / | 30 |
| Great Hall | 6 | 2310 | / | 1110 |
| Stronghold | 1 | 315 | / | 190 |
| Fortress | 1 | 325 | / | 190 |
| total: | 36 | 6475g | / | 2910w |
| 0:03 | Peon |
| 0:03 | Peon |
| 0:03 | Peon |
| 0:05 | Altar of Storms |
| 0:15 | Orc Burrow |
| 0:35 | War Mill |
| 0:58 | Barracks |
| 1:05 | Peon |
| 1:05 | Peon |
| 1:12 | Peon |
| 1:12 | Peon |
| 1:27 | Peon |
| 1:27 | Peon |
| 1:38 | Peon |
| 2:06 | Orc Burrow |
| 2:07 | Feral Spirit |
| 2:08 | Troll Headhunter |
| 2:21 | Troll Headhunter |
| 3:02 | Stronghold |
| 3:03 | Troll Headhunter |
| 3:03 | Troll Headhunter |
| 3:18 | Troll Headhunter |
| 3:19 | Troll Headhunter |
| 3:38 | Chain Lighting |
| 3:43 | Troll Headhunter |
| 3:45 | Orc Burrow |
| 4:03 | Troll Headhunter |
| 4:06 | Voodoo Lounge |
| 4:27 | Troll Headhunter |
| 5:16 | Steel Ranged Weapons |
| 5:18 | Troll Headhunter |
| 5:23 | Fortress |
| 5:40 | Steel Armor |
| 6:02 | Troll Regeneration |
| 6:04 | Troll Headhunter |
| 6:09 | Reinforced Defenses |
| 6:57 | Feral Spirit |
| 7:04 | Spiked Barricades |
| 7:42 | Watch Tower |
| 7:46 | Berserker Upgrade |
| 8:06 | Watch Tower |
| 9:13 | Troll Berserker |
| 9:14 | Troll Berserker |
| 9:15 | Demolisher |
| 9:17 | Improved Spiked Barricades |
| 9:19 | Watch Tower |
| 9:29 | Scroll of Healing |
| 9:51 | Goblin Sapper |
| 11:12 | Chain Lighting |
| 11:54 | Lesser Clarity Potion |
| 11:56 | Healing Salve |
| 12:03 | Tiny Great Hall |
| 12:06 | Potion of Mana |
| 12:10 | Demolisher |
| 12:51 | Demolisher |
| 12:52 | Burning Oil |
| 13:17 | Lesser Clarity Potion |
| 13:23 | Peon |
| 13:23 | Peon |
| 13:23 | Peon |
| 13:23 | Peon |
| 13:25 | Peon |
| 13:27 | Potion of Mana |
| 13:34 | Scroll of Speed |
| 13:49 | Thorium Ranged Weapons |
| 13:59 | Orc Burrow |
| 14:18 | Goblin Shredder |
| 15:08 | Demolisher |
| 15:13 | Scroll of Town Portal |
| 15:27 | Demolisher |
| 15:33 | Barracks |
| 15:43 | Healing Salve |
| 16:00 | Demolisher |
| 17:21 | Demolisher |
| 17:22 | Arcanite Ranged Weapons |
| 18:12 | Watch Tower |
| 18:14 | Watch Tower |
| 18:15 | Watch Tower |
| 18:21 | Potion of Healing |
| 18:23 | Potion of Healing |
| 19:40 | Great Hall |
| 20:02 | Great Hall |
| 21:18 | Great Hall |
| 21:23 | Orc Burrow |
| 21:31 | Great Hall |
| 24:12 | Orc Burrow |
| 24:52 | Orc Burrow |
| 25:09 | Orc Burrow |
| 25:49 | Altar of Storms |
| 25:55 | Watch Tower |
| 26:24 | Watch Tower |
| 26:25 | Watch Tower |
| 26:26 | Watch Tower |
| 26:26 | Watch Tower |
| 26:27 | Watch Tower |
| 28:38 | Great Hall |
| 30:17 | Feral Spirit |
| 32:39 | Healing Salve |
| 33:52 | Potion of Healing |
| 36:49 | Great Hall |
| 40:33 | Lesser Clarity Potion |
| 40:33 | Healing Salve |
| 42:27 | Lesser Clarity Potion |
| 42:27 | Scroll of Speed |
| 42:46 | Altar of Storms |
| 49:05 | Watch Tower |
| 49:05 | Watch Tower |
| 49:06 | Watch Tower |
| 53:41 | Demolisher |
| 53:41 | Demolisher |
| 53:41 | Demolisher |
| 53:41 | Demolisher |
| 53:41 | Demolisher |
| 53:41 | Demolisher |
| Right click | 3129 |
| Select | 1127 |
| Misc. action | 222 |
| Build/train/purchase | 199 |
| Chat | 154 |
| Minimap ping | 64 |
| Use ability | 53 |
| Item give/drop | 15 |
| Resource trade | 15 |
| Remove unit | 4 |
102 units @ 10.1k
/ 1.6k
147 buildings @ 10k
/ 4.6k
DudeWhy
(236)
(55:20) : 


| Boots of Speed | 2 | 500 |
| Orb of Lightning | 1 | 375 |
| Tiny Great Hall | 1 | 600 |
| total: | 4 | 1475g |
| Peasant | 22 | 1650 | / | 0 |
| Dragonhawk Rider | 2 | 400 | / | 60 |
| total: | 24 | 2050g | / | 60w |
| Scout Tower | 68 | 2040 | / | 1360 |
| Arcane Tower | 5 | 350 | / | 250 |
| Guard Tower | 20 | 1400 | / | 1000 |
| Altar of Kings | 2 | 360 | / | 100 |
| Lumber Mill | 2 | 240 | / | 0 |
| Farm | 9 | 720 | / | 180 |
| Town Hall | 1 | 385 | / | 205 |
| Blacksmith | 1 | 140 | / | 60 |
| Arcane Vault | 1 | 130 | / | 30 |
| Gryphon Aviary | 1 | 140 | / | 150 |
| Workshop | 1 | 140 | / | 140 |
| Keep | 1 | 320 | / | 210 |
| Castle | 1 | 360 | / | 210 |
| total: | 86 | 4295g | / | 2225w |
| 0:02 | Peasant |
| 0:15 | Peasant |
| 0:18 | Altar of Kings |
| 0:19 | Peasant |
| 0:28 | Peasant |
| 0:31 | Peasant |
| 0:38 | Peasant |
| 0:40 | Lumber Mill |
| 0:43 | Farm |
| 0:46 | Peasant |
| 1:04 | Peasant |
| 1:09 | Farm |
| 1:12 | Peasant |
| 1:27 | Peasant |
| 1:40 | Farm |
| 1:42 | Improved Lumber Harvesting |
| 1:43 | Peasant |
| 1:48 | Peasant |
| 2:14 | Scout Tower |
| 2:15 | Scout Tower |
| 2:22 | Peasant |
| 2:23 | Peasant |
| 2:29 | Scout Tower |
| 2:33 | Peasant |
| 2:51 | Arcane Tower |
| 2:53 | Scout Tower |
| 2:53 | Scout Tower |
| 2:58 | Arcane Tower |
| 3:05 | Storm Bolt |
| 3:33 | Town Hall |
| 3:37 | Scout Tower |
| 3:38 | Scout Tower |
| 3:40 | Scout Tower |
| 3:43 | Scout Tower |
| 3:46 | Peasant |
| 3:52 | Farm |
| 4:24 | Guard Tower |
| 4:28 | Guard Tower |
| 4:31 | Scout Tower |
| 4:41 | Guard Tower |
| 4:51 | Scout Tower |
| 4:52 | Scout Tower |
| 4:53 | Scout Tower |
| 4:58 | Scout Tower |
| 4:59 | Scout Tower |
| 5:10 | Guard Tower |
| 5:18 | Peasant |
| 5:18 | Peasant |
| 5:31 | Guard Tower |
| 5:47 | Peasant |
| 5:47 | Peasant |
| 5:53 | Scout Tower |
| 5:54 | Scout Tower |
| 5:54 | Scout Tower |
| 6:06 | Guard Tower |
| 6:20 | Scout Tower |
| 6:20 | Scout Tower |
| 6:21 | Scout Tower |
| 6:22 | Scout Tower |
| 6:23 | Improved Masonry |
| 6:27 | Peasant |
| 6:27 | Peasant |
| 6:37 | Guard Tower |
| 7:06 | Keep |
| 7:38 | Farm |
| 7:40 | Farm |
| 7:42 | Farm |
| 7:46 | Farm |
| 7:48 | Guard Tower |
| 8:03 | Scout Tower |
| 8:05 | Scout Tower |
| 9:08 | Scout Tower |
| 9:09 | Scout Tower |
| 9:24 | Farm |
| 9:51 | Altar of Kings |
| 10:32 | Holy Light |
| 11:30 | Lumber Mill |
| 11:37 | Arcane Tower |
| 12:49 | Blacksmith |
| 12:55 | Holy Light |
| 14:14 | Scout Tower |
| 14:15 | Scout Tower |
| 14:15 | Scout Tower |
| 14:16 | Scout Tower |
| 15:13 | Guard Tower |
| 15:43 | Guard Tower |
| 15:49 | Guard Tower |
| 15:55 | Bash |
| 16:06 | Scout Tower |
| 16:06 | Scout Tower |
| 16:07 | Scout Tower |
| 16:10 | Scout Tower |
| 16:11 | Scout Tower |
| 16:11 | Scout Tower |
| 16:13 | Scout Tower |
| 17:44 | Castle |
| 18:44 | Black Gunpowder |
| 18:46 | Scout Tower |
| 18:47 | Scout Tower |
| 18:48 | Scout Tower |
| 18:49 | Scout Tower |
| 19:26 | Guard Tower |
| 20:06 | Divine Shield |
| 21:16 | Divine Shield |
| 21:30 | Guard Tower |
| 22:21 | Storm Bolt |
| 22:22 | Storm Bolt |
| 22:34 | Scout Tower |
| 22:35 | Scout Tower |
| 22:35 | Scout Tower |
| 22:36 | Scout Tower |
| 22:38 | Scout Tower |
| 22:40 | Scout Tower |
| 22:42 | Scout Tower |
| 22:45 | Scout Tower |
| 23:33 | Guard Tower |
| 23:35 | Guard Tower |
| 23:38 | Guard Tower |
| 24:37 | Gryphon Aviary |
| 24:42 | Arcane Vault |
| 24:52 | Scout Tower |
| 24:54 | Scout Tower |
| 25:28 | Guard Tower |
| 25:42 | Scout Tower |
| 25:43 | Scout Tower |
| 25:56 | Workshop |
| 26:37 | Cloud |
| 26:38 | Dragonhawk Rider |
| 26:38 | Dragonhawk Rider |
| 27:39 | Guard Tower |
| 28:07 | Holy Light |
| 30:33 | Bash |
| 30:42 | Advanced Masonry |
| 31:02 | Imbued Masonry |
| 38:05 | Brilliance Aura |
| 41:43 | Divine Shield |
| 43:20 | Boots of Speed |
| 43:21 | Boots of Speed |
| 48:14 | Scout Tower |
| 48:14 | Scout Tower |
| 48:15 | Scout Tower |
| 48:16 | Scout Tower |
| 48:16 | Scout Tower |
| 48:17 | Scout Tower |
| 48:18 | Scout Tower |
| 48:18 | Scout Tower |
| 48:19 | Scout Tower |
| 48:26 | Scout Tower |
| 48:27 | Scout Tower |
| 48:28 | Scout Tower |
| 48:28 | Scout Tower |
| 48:30 | Scout Tower |
| 48:31 | Scout Tower |
| 49:04 | Arcane Tower |
| 49:05 | Guard Tower |
| 49:07 | Arcane Tower |
| 49:13 | Guard Tower |
| 49:45 | Orb of Lightning |
| 49:56 | Tiny Great Hall |
| 55:16 | Storm Bolt |
| Right click | 2317 |
| Select group | 1024 |
| Select | 432 |
| Use ability | 134 |
| Resource trade | 107 |
| Build/train/purchase | 105 |
| Misc. action | 104 |
| Minimap ping | 18 |
| Assign group | 17 |
| Item give/drop | 4 |
| Esc | 3 |


| Peasant | 12 | 900 | / | 0 |
| Flying Machine | 28 | 2800 | / | 840 |
| Mortar Team | 6 | 1080 | / | 420 |
| Siege Engine | 1 | 195 | / | 60 |
| Goblin Shredder | 1 | 375 | / | 100 |
| total: | 48 | 5350g | / | 1420w |
| Scout Tower | 24 | 720 | / | 480 |
| Arcane Tower | 1 | 70 | / | 50 |
| Guard Tower | 9 | 630 | / | 450 |
| Altar of Kings | 1 | 180 | / | 50 |
| Farm | 17 | 1360 | / | 340 |
| Lumber Mill | 1 | 120 | / | 0 |
| Blacksmith | 1 | 140 | / | 60 |
| Cannon Tower | 1 | 120 | / | 100 |
| Workshop | 4 | 560 | / | 560 |
| Keep | 1 | 320 | / | 210 |
| Castle | 1 | 360 | / | 210 |
| total: | 48 | 3080g | / | 1490w |
| 0:05 | Peasant |
| 0:05 | Peasant |
| 0:08 | Altar of Kings |
| 0:11 | Farm |
| 0:12 | Farm |
| 0:25 | Peasant |
| 0:26 | Peasant |
| 0:43 | Peasant |
| 0:43 | Peasant |
| 1:03 | Lumber Mill |
| 1:07 | Scout Tower |
| 1:12 | Peasant |
| 1:12 | Peasant |
| 1:23 | Farm |
| 1:25 | Peasant |
| 1:29 | Peasant |
| 1:37 | Peasant |
| 1:48 | Arcane Tower |
| 1:55 | Peasant |
| 2:10 | Storm Bolt |
| 3:08 | Keep |
| 3:10 | Improved Masonry |
| 3:13 | Blacksmith |
| 3:28 | Scout Tower |
| 3:38 | Improved Lumber Harvesting |
| 3:39 | Advanced Masonry |
| 3:59 | Guard Tower |
| 4:29 | Black Gunpowder |
| 5:00 | Scout Tower |
| 5:00 | Scout Tower |
| 5:01 | Scout Tower |
| 5:02 | Scout Tower |
| 5:03 | Scout Tower |
| 5:03 | Scout Tower |
| 5:29 | Castle |
| 5:38 | Workshop |
| 5:49 | Workshop |
| 6:09 | Goblin Shredder |
| 6:22 | Guard Tower |
| 7:00 | Workshop |
| 7:05 | Workshop |
| 7:07 | Flak Cannons |
| 7:08 | Flying Machine |
| 7:08 | Flying Machine |
| 7:08 | Flying Machine |
| 7:12 | Farm |
| 7:13 | Farm |
| 7:13 | Farm |
| 7:33 | Refined Gunpowder |
| 7:42 | Flying Machine |
| 7:42 | Flying Machine |
| 7:53 | Imbued Masonry |
| 8:02 | Mortar Team |
| 8:04 | Flying Machine Bombs |
| 8:09 | Farm |
| 8:12 | Guard Tower |
| 9:08 | Flying Machine |
| 9:08 | Flying Machine |
| 9:16 | Scout Tower |
| 9:16 | Scout Tower |
| 9:17 | Scout Tower |
| 9:29 | Imbued Gunpowder |
| 9:47 | Cannon Tower |
| 10:15 | Mortar Team |
| 10:20 | Farm |
| 10:21 | Farm |
| 10:31 | Guard Tower |
| 10:42 | Mortar Team |
| 10:50 | Mortar Team |
| 10:59 | Iron Plating |
| 11:00 | Flying Machine |
| 11:00 | Flying Machine |
| 11:29 | Scout Tower |
| 11:37 | Scout Tower |
| 11:38 | Scout Tower |
| 11:39 | Scout Tower |
| 11:41 | Scout Tower |
| 11:42 | Guard Tower |
| 11:53 | Scout Tower |
| 11:54 | Scout Tower |
| 11:55 | Scout Tower |
| 11:56 | Guard Tower |
| 12:04 | Flying Machine |
| 12:24 | Flare |
| 12:24 | Fragmentation Shards |
| 12:29 | Guard Tower |
| 12:32 | Scout Tower |
| 12:33 | Scout Tower |
| 12:51 | Scout Tower |
| 13:06 | Guard Tower |
| 13:08 | Scout Tower |
| 13:09 | Scout Tower |
| 13:31 | Steel Plating |
| 13:42 | Guard Tower |
| 13:49 | Farm |
| 13:52 | Farm |
| 13:54 | Farm |
| 14:43 | Farm |
| 14:44 | Farm |
| 15:21 | Flying Machine |
| 15:21 | Flying Machine |
| 15:21 | Flying Machine |
| 15:21 | Flying Machine |
| 15:21 | Flying Machine |
| 15:21 | Flying Machine |
| 15:21 | Flying Machine |
| 16:12 | Mithril Plating |
| 16:40 | Flying Machine |
| 17:09 | Farm |
| 17:11 | Farm |
| 18:05 | Bash |
| 21:21 | Flying Machine |
| 21:22 | Flying Machine |
| 21:22 | Flying Machine |
| 21:22 | Flying Machine |
| 21:22 | Flying Machine |
| 22:47 | Flying Machine |
| 25:58 | Holy Light |
| 29:43 | Mortar Team |
| 29:44 | Flying Machine |
| 29:44 | Flying Machine |
| 29:44 | Flying Machine |
| 29:46 | Flying Machine |
| 29:50 | Farm |
| 33:00 | Bash |
| 34:25 | Divine Shield |
| 43:41 | Mortar Team |
| 44:20 | Studded Leather Armor |
| 48:44 | Barrage |
| 48:57 | Siege Engine |
| 50:27 | Reinforced Leather Armor |
| Right click | 3444 |
| Select group | 2213 |
| Select | 682 |
| Build/train/purchase | 96 |
| Minimap ping | 70 |
| Assign group | 39 |
| Chat | 36 |
| Use ability | 31 |
| Misc. action | 21 |
| Resource trade | 13 |
| Remove unit | 4 |
| Esc | 2 |

| Healing Salve | 1 | 100 |
| Lesser Clarity Potion | 12 | 840 |
| Orb of Lightning | 2 | 750 |
| Tiny Great Hall | 1 | 600 |
| Staff of Teleportation | 1 | 150 |
| Boots of Speed | 3 | 750 |
| total: | 20 | 3190g |
| Peon | 24 | 1800 | / | 0 |
| Troll Witch Doctor | 6 | 870 | / | 150 |
| total: | 30 | 2670g | / | 150w |
| Altar of Storms | 2 | 360 | / | 100 |
| Orc Burrow | 4 | 640 | / | 160 |
| War Mill | 2 | 410 | / | 0 |
| Voodoo Lounge | 2 | 260 | / | 60 |
| Great Hall | 2 | 770 | / | 370 |
| Spirit Lodge | 1 | 150 | / | 150 |
| Stronghold | 1 | 315 | / | 190 |
| Fortress | 1 | 325 | / | 190 |
| total: | 13 | 2590g | / | 840w |
| 0:05 | Altar of Storms |
| 0:11 | Peon |
| 0:15 | Orc Burrow |
| 0:28 | Peon |
| 0:28 | Peon |
| 0:41 | Peon |
| 0:56 | War Mill |
| 1:07 | Peon |
| 1:18 | Peon |
| 1:44 | Peon |
| 1:50 | Voodoo Lounge |
| 1:52 | Peon |
| 2:00 | Orc Burrow |
| 2:14 | Wind Walk |
| 2:21 | Peon |
| 2:46 | Peon |
| 2:46 | Peon |
| 3:03 | Great Hall |
| 3:17 | Great Hall |
| 3:40 | Staff of Teleportation |
| 3:41 | Boots of Speed |
| 5:15 | War Mill |
| 5:18 | Voodoo Lounge |
| 6:15 | Stronghold |
| 6:20 | Orc Burrow |
| 6:34 | Healing Salve |
| 6:38 | Lesser Clarity Potion |
| 9:24 | Altar of Storms |
| 12:07 | Critical Strike |
| 17:38 | Fortress |
| 17:45 | Spirit Lodge |
| 19:41 | Critical Strike |
| 20:04 | Witch Doctor Adept Training |
| 21:18 | Lesser Clarity Potion |
| 21:20 | Orb of Lightning |
| 22:02 | Witch Doctor Master Training |
| 22:13 | Peon |
| 22:13 | Peon |
| 22:16 | Peon |
| 22:38 | Wind Walk |
| 23:09 | Peon |
| 23:09 | Peon |
| 23:09 | Peon |
| 23:14 | Troll Witch Doctor |
| 23:14 | Troll Witch Doctor |
| 24:26 | Peon |
| 24:26 | Peon |
| 26:03 | Orc Burrow |
| 28:53 | Critical Strike |
| 29:42 | Tiny Great Hall |
| 31:41 | Peon |
| 31:41 | Peon |
| 31:42 | Peon |
| 31:42 | Peon |
| 32:40 | Peon |
| 33:12 | Lesser Clarity Potion |
| 33:25 | Lesser Clarity Potion |
| 34:53 | Lesser Clarity Potion |
| 35:55 | Bladestorm |
| 36:26 | Lesser Clarity Potion |
| 37:26 | Lesser Clarity Potion |
| 37:28 | Lesser Clarity Potion |
| 38:26 | Troll Witch Doctor |
| 38:26 | Troll Witch Doctor |
| 38:26 | Troll Witch Doctor |
| 38:26 | Troll Witch Doctor |
| 38:52 | Boots of Speed |
| 38:53 | Boots of Speed |
| 40:37 | Lesser Clarity Potion |
| 43:48 | Orb of Lightning |
| 43:50 | Lesser Clarity Potion |
| 44:51 | Wind Walk |
| 45:37 | Lesser Clarity Potion |
| 52:53 | Lesser Clarity Potion |
| 55:11 | Mirror Image |
| Right click | 2159 |
| Select | 276 |
| Misc. action | 271 |
| Select group | 266 |
| Build/train/purchase | 143 |
| Resource trade | 73 |
| Chat | 72 |
| Use ability | 27 |
| Minimap ping | 10 |
| Assign group | 6 |
| Remove unit | 3 |
| Item give/drop | 2 |
⇛